 Dungeon Crawl Stone Soup version 0.18.1-50-g88ac8fd (webtiles) character file.

483384 lorenzova the Sorcerer (level 23, -5/117 HPs)
             Began as a Deep Elf Conjurer on Oct 19, 2016.
             Was the Champion of Sif Muna.
             Splashed by a caustic shrike's acid (7 damage)
             ... on level 2 of the Depths on Oct 20, 2016.
             The game lasted 07:30:53 (97736 turns).

lorenzova the Sorcerer (Deep Elf Conjurer)         Turns: 97736, Time: 07:30:54

Health: -5/117     AC: 16    Str:  9    XL:     23   Next: 74%
Magic:  4/69       EV: 18    Int: 34    God:    Sif Muna [******]
Gold:   2329       SH: 15    Dex: 19    Spells: 15 memorised, 7 levels left

rFire  + . .     SeeInvis +     V - staff of power
rCold  + . .     Gourm    .     J - +3 leather armour of the Sturgeon {Regen+ Str+4 Dex+4}
rNeg   . . .     Faith    .     y - +2 shield {AC+3}
rPois  .         Spirit   .     K - +2 helmet {Int+3}
rElec  .         Dismiss  .     h - +2 cloak
rCorr  .         Reflect  +     F - +2 pair of gloves
SustAt .         Harm     .     B - +0 pair of boots
MR     ++...                    D - amulet "Qusack" {Reflect rF+ SH+4 SInv}
Stlth  +++++++...               E - ring of wizardry
                                Y - ring of protection from cold

@: about to teleport, corroded, delayed fireball, very resistant to hostile
enchantments, extremely stealthy
A: robust 1
a: Channel Energy, Forget Spell, Renounce Religion, Release Delayed Fireball
}: 2/15 runes: decaying, gossamer


You were on level 2 of the Depths.
You worshipped Sif Muna.
Sif Muna was exalted by your worship.
You were not hungry.

You visited 9 branches of the dungeon, and saw 43 of its levels.
You visited the Abyss 1 time.
You visited 1 bazaar.
You also visited: Sewer, Ossuary and Ice Cave.

You collected 5463 gold pieces.
You spent 2947 gold pieces at shops.

Inventory:

Armour
 h - a +2 cloak (worn)
 p - the +1 leather armour "Ugeyph" {rPois rF+ Str-4}
   (You found it on level 11 of the Dungeon)

   It affects your strength (-4).
   It protects you from fire.
   It protects you from poison.
 y - a +2 shield of protection (worn)
 B - a +0 pair of boots (worn)
 F - a +2 pair of gloves (worn)
 J - the +3 leather armour of the Sturgeon (worn) {Regen+ Str+4 Dex+4}
   (You found it on level 4 of the Vaults)

   It affects your strength (+4).
   It affects your dexterity (+4).
   It increases your rate of regeneration.
 K - a +2 helmet of intelligence (worn)
 X - a +2 robe of positive energy
Magical Staves
 Q - an uncursed staff of wizardry
 V - an uncursed staff of power (weapon)
Jewellery
 b - an uncursed ring of sustain attributes
 j - an uncursed ring of positive energy
 D - the amulet "Qusack" (around neck) {Reflect rF+ SH+4 SInv}
   (You bought it in a shop on level 2 of the Orcish Mines)

   [amulet of reflection]

   It shields you and reflects attacks.
   It protects you from fire.
   It lets you see invisible.
   It affects your SH (+4).
 E - a ring of wizardry (right hand)
 R - an uncursed ring of protection from fire
 Y - a ring of protection from cold (left hand)
Wands
 n - a wand of teleportation (8/9)
 x - a wand of disintegration (6/24)
 C - a wand of digging (2/24)
Scrolls
 f - 9 scrolls of teleportation
 g - 13 scrolls of identify
 m - 8 scrolls of amnesia
 o - 6 scrolls of fog
 r - 10 scrolls of fear
 s - 9 scrolls of magic mapping
 t - 18 scrolls of remove curse
 u - a scroll of recharging
 v - 2 scrolls of silence
 w - a scroll of brand weapon
 G - a scroll of holy word
 H - 9 scrolls of blinking
 L - 2 scrolls of vulnerability
Potions
 e - 3 potions of invisibility
 i - 19 potions of curing
 k - 11 potions of brilliance
 l - 3 potions of magic
 z - 19 potions of heal wounds
 A - 7 potions of cure mutation
 I - 4 potions of flight
 M - 3 potions of resistance
 P - 3 potions of haste
 U - 3 potions of cancellation
 W - 4 potions of ambrosia
Books
 O - Sif Muna's Volume of Combat Magic
   (Sif Muna gifted it to you on level 1 of the Depths)

   Spells                             Type                      Level
   a - Bolt of Fire                   Conjuration/Fire             6
   b - Freezing Cloud                 Conjuration/Ice/Air          6
   c - Bolt of Cold                   Conjuration/Ice              6
   d - Chain Lightning                Conjuration/Air              8
   e - Lehudib's Crystal Spear        Conjuration/Earth            8
 T - a book of Callings

   Spells                             Type                      Level
   a - Summon Small Mammal            Summoning                    1
   b - Call Imp                       Summoning                    2
   c - Call Canine Familiar           Summoning                    3
   d - Summon Guardian Golem          Hexes/Summoning              3
   e - Summon Lightning Spire         Summoning/Air                4
   f - Summon Ice Beast               Ice/Summoning                4
 Z - Sif Muna's Incunabulum of Arcane Weapons and Transformation
   (Sif Muna gifted it to you on level 2 of the Depths)

   Spells                             Type                      Level
   a - Fulminant Prism                Conjuration/Hexes            4
   b - Irradiate                      Conjuration/Transmutation    5
   c - Conjure Ball Lightning         Conjuration/Air              6
   d - Poison Arrow                   Conjuration/Poison           6
   e - Statue Form                    Transmutation/Earth          6
   f - Chain Lightning                Conjuration/Air              8
Miscellaneous
 q - a crystal ball of energy
Comestibles
 a - 3 meat rations
 c - 2 bread rations
 d - 8 beef jerkies
 N - 6 chunks of flesh
 S - 5 fruits


   Skills:
 - Level 6.2 Armour
 + Level 10.3 Dodging
 + Level 17.8 Stealth
 - Level 4.5 Shields
 * Level 25.0 Spellcasting
 * Level 19.4 Conjurations
 - Level 11.9 Charms
   Level 6.0 Necromancy
 * Level 12.1 Translocations
 * Level 17.6 Fire Magic
 - Level 5.0 Ice Magic
 - Level 11.2 Air Magic
   Level 1.2 Earth Magic
 - Level 5.1 Invocations
 - Level 10.8 Evocations


You had 7 spell levels left.
You knew the following spells:

 Your Spells              Type           Power        Failure   Level  Hunger
a - Magic Dart            Conj           ####         0%          1    None
b - Iskenderun's Battles  Conj/Chrm      #######.     1%          5    None
c - Iskenderun's Mystic   Conj           ########     0%          4    None
d - Blink                 Tloc           N/A          1%          2    None
e - Apportation           Tloc           #######...   1%          1    None
f - Fireball              Conj/Fire      ########..   1%          5    None
g - Haste                 Chrm           #######.     1%          6    None
h - Deflect Missiles      Chrm/Air       #######...   1%          6    None
i - Delayed Fireball      Conj/Fire      N/A          1%          7    None
j - Dispersal             Tloc           #######...   1%          6    None
l - Lightning Bolt        Conj/Air       #######...   1%          5    None
m - Bolt of Fire          Conj/Fire      ########..   1%          6    None
n - Bolt of Cold          Conj/Ice       #######...   1%          6    None
o - Orb of Destruction    Conj           ########..   1%          7    None
s - Static Discharge      Conj/Air       #######.     0%          3    None


Dungeon Overview and Level Annotations

Branches:
Dungeon (15/15)            Temple (1/1) D:5            Lair (8/8) D:8
  Swamp (4/4) Lair:6       Spider (4/4) Lair:6        Slime (0/6) Lair:6
    Orc (2/2) D:9             Elf (3/3) Orc:2        Vaults (4/5) D:13
  Crypt (0/3) Vaults:3     Depths (2/5) D:15

Altars:
Ashenzari
Cheibriados
Dithmenos
Elyvilon
Fedhas
Gozag
Kikubaaqudgha
Makhleb
Nemelex Xobeh
Okawaru
Pakellas
Qazlal
Ru
Sif Muna
Trog
Vehumet
Xom
Yredelemnul
Zin
The Shining One
Beogh

Shops:
D:4 *}[   D:5 *   D:9 %(=   D:12 **   Orc:2 (:=!   Elf:1 *   Elf:3 *
Vaults:2 *   Depths:2 !

Portals:
Hell: Depths:1
Abyss: Depths:2


Innate Abilities, Weirdness & Mutations

You are robust (+10% HP).


Message History

The caustic shrike is severely wounded.
You block the caustic shrike's attack. The caustic shrike claws you!
You are splashed with acid!
The acid burns!
Casting: Bolt of Fire
Confirm with . or Enter, or press ? or * to list all spells.
You don't have enough magic to cast that spell.
Read which item? (? for menu, Esc to quit)
As you read the scroll of teleportation, it crumbles to dust.
You feel strangely unstable. You block the caustic shrike's attack.
The caustic shrike claws you but does no damage.
A deep troll comes into view.
A deep troll shaman comes into view.
The caustic shrike claws you!!
* * * LOW HITPOINT WARNING * * *
You are splashed with acid!
The acid burns!
* * * LOW HITPOINT WARNING * * *
The caustic shrike claws you!
* * * LOW HITPOINT WARNING * * *
You are splashed with acid!
The acid corrodes you!
The acid burns!
You die...

≈.#.. ....(.
######################
.......##.(..../....TT..)....###
.>'.).'..c..bb@(*..............
..#...##..#####......#####...#.
#.#.......#######..#######)..#.
###.#
##....)Q).########%...%..#.
....####..####....# #.%..####..#
##.....#.#'##'#.C## ##T.#'##+#.#
.......#(##..##.#)# #'#.##..##%#
..≈....#.##..#####.i.. ##
#..##.# ♣≈≈P...#.#+### #..#
###'#.#


You could see 2 caustic shrikes, a deep troll, a deep troll shaman, a yaktaur
and a friendly battlesphere.

Vanquished Creatures
  Boris (Vaults:2)
  the Lernaean hydra (Swamp:4)
  Norris (Spider:3)
  A golden dragon (Vaults:4)
  Xtahua (Vaults:2)
  A bone dragon (Abyss:3)
  Nikola (Spider:1)
  A pearl dragon (Depths:1)
  Jorgrun (Spider:3)
  A tentacled monstrosity (Abyss:3)
  Rupert (Orc:2)
  An Ice Fiend (IceCv)
  Asterion (Elf:1)
  2 deep elf blademasters
  A deep elf master archer (Elf:3)
  A sphinx (Vaults:4)
  Frances (D:13)
  2 thorn hunters
  Roxanne (Elf:1)
  2 tengu reavers
  An iron dragon (Depths:2)
  A fire giant (Depths:2)
  Wiglaf (Spider:3)
  The ghost of Galewind the Eclecticist, an adept DECj of Vehumet (Swamp:1)
  Aizul (Elf:1)
  2 ghost moths (Spider:4)
  11 vault wardens
  Maud (D:13)
  Louise (Elf:2)
  5 deep elf sorcerers
  5 frost giants
  8 emperor scorpions
  An orc warlord (Vaults:3)
  9 deep elf elementalists (Elf:3)
  12 ironheart preservers
  9 stone giants
  An apis (Depths:1)
  An ophan (Depths:1)
  15 very ugly things
  Nessos (Orc:2)
  A white draconian (Abyss:3)
  Azrael (Elf:2)
  2 spark wasps
  7 deep elf demonologists
  7 deep elf annihilators
  3 ettins
  8 deep elf death magi
  9 vault guards
  Josephine (D:12)
  4 deep elf high priests
  4 great orbs of eyes
  5 fire dragons
  3 yaktaur captains
  A rakshasa (Vaults:2)
  6 ice dragons
  6 entropy weavers
  Erolcha (D:12)
  25 hydras
  3 ghost crabs
  7 centaur warriors
  6 tengu warriors
  2 death knights
  11 alligators
  4 deep troll shamans
  A vampire mage (Vaults:3)
  23 ogre magi
  2 spriggan berserkers (Depths:2)
  29 dancing weapons
  15 death yaks
  A thrashing horror (Abyss:3)
  2 orc high priests (Elf:1)
  4 deep troll earth magi
  Sonja (Lair:3)
  5 hell knights (Depths:1)
  31 deep elf knights
  A shadow wraith (Abyss:3)
  2 wretched stars (Abyss:3)
  An unseen horror (shapeshifter) (Vaults:3)
  2 flayed ghosts
  2 skeletal warriors
  11 swamp dragons
  An orange crystal statue (Lair:6)
  3 unseen horrors
  A storm dragon skeleton (Vaults:3)
  5 deep trolls
  A swamp dragon (shapeshifter) (Vaults:1)
  4 giant orange brains
  4 shambling mangroves
  A giant orange brain (shapeshifter) (Vaults:4)
  18 ironbrand convokers
  A spriggan druid (Swamp:4)
  19 deep elf archers
  A lindwurm (shapeshifter) (Elf:3)
  14 orc knights
  11 hill giants
  4 necromancers
  A phantasmal warrior (Vaults:4)
  53 deep elf magi
  A wizard (Vaults:3)
  4 griffons
  33 wolf spiders
  27 ugly things
  17 orb spiders
  7 orc sorcerers
  A large abomination (Abyss:3)
  2 cyclopes
  6 hornets
  A salamander (shapeshifter) (Vaults:2)
  10 elephants
  A fire giant skeleton (Vaults:4)
  A worldbinder (Abyss:3)
  3 moths of wrath
  A frost giant skeleton (Vaults:4)
  8 black mambas
  A stone giant skeleton (Vaults:3)
  18 vault sentinels
  4 ice statues (IceCv)
  2 eyes of devastation
  A yaktaur zombie (Vaults:3)
  A gargoyle (D:12)
  A smoke demon (Abyss:3)
  28 spiny frogs
  33 yaktaurs
  A torpor snail (Lair:6)
  8 rime drakes
  3 kobold demonologists
  2 efreet
  4 freezing wraiths (Vaults:3)
  18 komodo dragons
  2 human zombies
  6 tengu conjurers
  5 demonic crawlers
  9 ice devils (IceCv)
  An anaconda simulacrum (IceCv)
  13 polar bears
  A jumping spider (shapeshifter) (Elf:2)
  14 trolls
  Prince Ribbit (D:6)
  9 giant leeches
  32 jumping spiders
  46 two-headed ogres
  A giant leech (shapeshifter) (Elf:3)
  11 blink frogs
  3 raiju (Lair:8)
  A raiju (shapeshifter) (Vaults:3)
  7 boulder beetles
  35 slime creatures
  5 bog bodies
  9 wind drakes (D:14)
  2 hornet zombies (D:15)
  A slime creature (shapeshifter) (Vaults:4)
  11 air elementals
  90 redbacks
  Sigmund (D:6)
  29 tarantellas
  A redback (shapeshifter) (Vaults:4)
  8 spriggans
  2 wyverns
  8 wraiths
  6 shadows
  2 ynoxinuls (Abyss:3)
  3 dire elephant simulacra (IceCv)
  50 yaks
  A vampire (D:13)
  A water elemental (Elf:3)
  Eustachio (D:4)
  A wyvern (shapeshifter) (Vaults:4)
  7 fire elementals
  A golden eye (shapeshifter) (D:14)
  44 vampire mosquitoes
  13 hippogriffs
  A hungry ghost (D:14)
  5 harpy simulacra (IceCv)
  2 neqoxecs (Abyss:3)
  5 basilisks
  A steam dragon (D:14)
  25 swamp worms
  A naga (Lair:6)
  A swamp worm (shapeshifter) (Vaults:4)
  26 insubstantial wisps
  2 mottled dragons
  Edmund (D:12)
  19 wargs
  An iron troll simulacrum (IceCv)
  31 water moccasins
  12 hell hounds
  10 porcupines
  15 swamp drakes
  49 orc warriors
  Purgy (Sewer)
  17 black bears
  An ettin simulacrum (Vaults:3)
  6 phantoms
  3 necrophages
  2 sky beasts
  An eye of draining (Lair:6)
  9 wasps
  A boggart (shapeshifter) (Vaults:3)
  14 ice beasts
  18 wolves
  24 boggarts
  74 ogres
  17 centaurs
  11 big kobolds
  20 crocodiles
  2 small abominations (Abyss:3)
  24 giant frogs
  A gnoll sergeant (D:9)
  A human skeleton (Vaults:3)
  3 water moccasin zombies (Ossuary)
  7 earth elementals
  8 scorpions
  21 killer bees
  7 electric eels
  A giant frog zombie (D:7)
  14 howler monkeys
  5 centaur zombies
  13 crimson imps
  3 quasits
  18 hounds
  14 jellies
  4 centaur skeletons
  22 orc priests
  30 orc wizards
  Jessica (D:2)
  3 giant frog skeletons
  9 iguanas
  Natasha (thrice) (D:2)
  5 worker ants
  13 sheep
  3 big kobold zombies (Ossuary)
  A hound skeleton (D:4)
  2 mummies (Ossuary)
  2 howler monkey zombies
  16 adders
  13 gnolls
  66 river rats
  3 shadow imps
  2 white imps
  7 adder zombies (Ossuary)
  3 adder skeletons
  A worm (shapeshifter) (Vaults:2)
  2 worms
  15 ball lightnings (D:14)
  3 dart slugs
  11 giant geckos
  138 orcs
  2 ball pythons
  7 giant cockroaches
  9 goblins
  7 hobgoblins
  17 jackals
  6 quokkas
  11 bats
  A giant gecko skeleton (D:8)
  9 giant newts
  3 gnoll zombies (Ossuary)
  3 hobgoblin zombies (Ossuary)
  18 kobolds
  4 kobold zombies (Ossuary)
  5 orc zombies (Ossuary)
  11 rats
  A plant (Lair:1)
2314 creatures vanquished.

Vanquished Creatures (others)
  A deep elf sorcerer (Elf:3)
  A yaktaur captain (Vaults:1)
  A centaur warrior (Depths:1)
  A cyclops (D:12)
  14 yaktaurs
  29 fulminant prisms
  20 fungi
  40 plants
  8 toadstools (Swamp:2)
115 creatures vanquished.

Grand Total: 2429 creatures vanquished

Notes
Turn   | Place    | Note
--------------------------------------------------------------
     0 | D:1      | lorenzova the Deep Elf Conjurer began the quest for the Orb.
     0 | D:1      | Reached XP level 1. HP: 10/10 MP: 6/6
   315 | D:1      | Reached XP level 2. HP: 15/15 MP: 6/8
   393 | D:1      | You fall through a shaft!
   464 | D:2      | Noticed Jessica
   487 | D:2      | Reached skill level 4 in Spellcasting
   487 | D:2      | Reached skill level 5 in Conjurations
   487 | D:2      | Reached XP level 3. HP: 15/19 MP: 4/10
  1007 | D:2      | Killed Jessica
  1109 | D:2      | Reached XP level 4. HP: 24/24 MP: 9/12
  1143 | D:2      | Learned a level 4 spell: Iskenderun's Mystic Blast
  1252 | D:2      | Noticed Natasha
  1260 | D:2      | Killed Natasha
  1415 | D:2      | Reached skill level 5 in Spellcasting
  1620 | D:2      | Noticed Natasha
  1622 | D:2      | Killed Natasha
  1622 | D:2      | Reached XP level 5. HP: 28/28 MP: 7/14
  1797 | D:2      | Noticed Natasha
  1801 | D:2      | Killed Natasha
  2568 | D:3      | Found a sparkling altar of Nemelex Xobeh.
  3040 | D:3      | Found a glowing golden altar of the Shining One.
  3257 | D:3      | Reached skill level 6 in Spellcasting
  3391 | D:3      | Found a shadowy altar of Dithmenos.
  3465 | D:4      | Found Demminu's General Store.
  3465 | D:4      | Noticed a black bear
  3470 | D:4      | Killed a black bear
  3470 | D:4      | Reached XP level 6. HP: 19/32 MP: 1/17
  3631 | D:4      | Found a sand-covered staircase.
  3641 | Ossuary  | Entered an ossuary
  3893 | Ossuary  | Reached skill level 7 in Spellcasting
  4009 | Ossuary  | Learned a level 4 spell: Fulminant Prism
  4034 | Ossuary  | Reached XP level 7. HP: 36/36 MP: 6/19
  5379 | D:4      | Reached skill level 8 in Spellcasting
  5445 | D:4      | Found an iron altar of Okawaru.
  5714 | D:4      | Noticed Eustachio
  5911 | D:4      | Found a radiant altar of Vehumet.
  6334 | D:4      | Found Noycsul's Antique Armour Boutique.
  6334 | D:4      | Found Peusen's Gadget Emporium.
  6411 | D:4      | Reached skill level 9 in Spellcasting
  6529 | D:4      | Reached XP level 8. HP: 41/41 MP: 23/23
  6734 | D:4      | Killed Eustachio
  6974 | D:5      | Entered Level 5 of the Dungeon
  7227 | D:5      | Reached skill level 10 in Spellcasting
  7311 | D:5      | Found Yculor's General Store.
  7448 | D:5      | Found a staircase to the Ecumenical Temple.
  7461 | Temple   | Entered the Ecumenical Temple
  7704 | D:5      | Found a deep blue altar of Sif Muna.
  7706 | D:5      | Found a glowing silver altar of Zin.
  7709 | D:5      | Found a basalt altar of Yredelemnul.
  7712 | D:5      | Became a worshipper of Sif Muna the Loreminder
  7733 | D:5      | You fall through a shaft!
  7855 | D:6      | Noticed Sigmund
  7857 | D:6      | Killed Sigmund
  7857 | D:6      | Reached skill level 10 in Conjurations
  7859 | D:6      | Noticed Prince Ribbit
  7868 | D:6      | Reached skill level 11 in Spellcasting
  7871 | D:6      | Killed Prince Ribbit
  7871 | D:6      | Reached XP level 9. HP: 45/45 MP: 9/26
  7996 | D:6      | Reached * piety under Sif Muna
  8045 | D:6      | Found a glowing drain.
  8063 | Sewer    | Entered a sewer
  8258 | Sewer    | Noticed Purgy
  8265 | Sewer    | Killed Purgy
  8797 | D:5      | Learned a level 5 spell: Iskenderun's Battlesphere
  8953 | D:6      | Reached skill level 12 in Spellcasting
  9084 | D:6      | Reached ** piety under Sif Muna
  9755 | D:7      | Found a stormy altar of Qazlal.
  9846 | D:7      | Reached skill level 13 in Spellcasting
 10049 | D:7      | Reached XP level 10. HP: 50/50 MP: 29/29
 10174 | D:7      | Reached *** piety under Sif Muna
 11042 | D:8      | Found a staircase to the Lair.
 11971 | D:9      | Learned a level 3 spell: Static Discharge
 11977 | D:9      | Learned a level 5 spell: Fireball
 11983 | D:9      | Learned a level 5 spell: Lightning Bolt
 12016 | D:9      | Reached **** piety under Sif Muna
 12016 | D:9      | Reached skill level 14 in Spellcasting
 12460 | D:9      | Found a staircase to the Orcish Mines.
 12556 | D:9      | Reached skill level 1 in Charms
 12556 | D:9      | Reached skill level 1 in Air Magic
 12558 | D:9      | Reached skill level 1 in Fire Magic
 12632 | D:9      | Reached ***** piety under Sif Muna
 13434 | D:9      | Found Nehadyng's Weapon Boutique.
 13438 | D:9      | Found Cuptint's Food Emporium.
 13529 | D:9      | Found Xuneto's Jewellery Emporium.
 13763 | D:9      | Bought a +5 amulet of reflection for 375 gold pieces
 13830 | Lair:1   | Entered Level 1 of the Lair of Beasts
 13830 | Lair:1   | Noticed a black mamba
 13834 | Lair:1   | Killed a black mamba
 13834 | Lair:1   | Reached XP level 11. HP: 54/54 MP: 31/31
 14681 | Lair:1   | Noticed a four-headed hydra
 14685 | Lair:1   | Killed a four-headed hydra
 14685 | Lair:1   | Reached ****** piety under Sif Muna
 14685 | Lair:1   | Received a gift from Sif Muna
 14686 | Lair:1   | Identified Sif Muna's Compendium of Dusty Talismans (Sif Muna gifted it to you on level 1 of the Lair of Beasts)
 14691 | Lair:1   | Reached skill level 15 in Spellcasting
 14691 | Lair:1   | Reached skill level 5 in Charms
 15121 | Lair:2   | Reached skill level 1 in Invocations
 15297 | Lair:2   | Reached skill level 1 in Evocations
 15492 | Lair:2   | Noticed a death yak
 15493 | Lair:2   | Noticed a death yak
 15493 | Lair:2   | Noticed a death yak
 15518 | Lair:2   | Noticed a death yak
 15843 | Lair:2   | Noticed a death yak
 15848 | Lair:2   | Killed a death yak
 15851 | Lair:2   | Noticed a death yak
 15855 | Lair:2   | Killed a death yak
 16008 | Lair:2   | Reached skill level 5 in Fire Magic
 16547 | Lair:2   | Killed a death yak
 16553 | Lair:2   | Killed a death yak
 16553 | Lair:2   | Reached XP level 12. HP: 59/59 MP: 4/33
 16855 | Lair:2   | Killed a death yak
 16860 | Lair:2   | Killed a death yak
 17123 | Lair:3   | Noticed a seven-headed hydra
 17126 | Lair:3   | Killed a seven-headed hydra
 17244 | Lair:3   | Noticed Sonja
 17249 | Lair:3   | Killed Sonja
 17417 | Lair:3   | Reached skill level 5 in Evocations
 17671 | Lair:3   | Reached skill level 5 in Invocations
 18229 | Lair:4   | Received a gift from Sif Muna
 18230 | Lair:4   | Identified Sif Muna's Disquisition on Companions and Weightlessness (Sif Muna gifted it to you on level 4 of the Lair of Beasts)
 18268 | Lair:4   | Found a labyrinth entrance.
 18554 | Lair:1   | Learned a level 3 spell: Regeneration
 18561 | Lair:1   | Learned a level 6 spell: Haste
 18568 | Lair:1   | Learned a level 6 spell: Deflect Missiles
 18717 | Lair:4   | Reached skill level 5 in Air Magic
 18835 | Lair:4   | Reached skill level 1 in Necromancy
 19058 | Lair:4   | Noticed a four-headed hydra
 19074 | Lair:4   | Killed a four-headed hydra
 20002 | Lair:5   | Noticed a six-headed hydra
 20006 | Lair:5   | Killed a six-headed hydra
 20006 | Lair:5   | Reached skill level 5 in Dodging
 20350 | Lair:5   | Reached XP level 13. HP: 63/63 MP: 34/34
 21544 | Lair:6   | Found a hole to the Spider Nest.
 21551 | Lair:6   | Found a staircase to the Slime Pits.
 22792 | Lair:6   | Reached skill level 16 in Spellcasting
 22882 | Lair:6   | Found a staircase to the Swamp.
 22929 | Lair:6   | Received a gift from Sif Muna
 22935 | Lair:6   | Identified Sif Muna's Compendium of Combat Magic and Protection (Sif Muna gifted it to you on level 6 of the Lair of Beasts)
 23629 | Lair:6   | Reached skill level 5 in Necromancy
 24122 | Orc:1    | Entered Level 1 of the Orcish Mines
 24182 | Orc:2    | Entered Level 2 of the Orcish Mines
 24191 | Orc:2    | Reached skill level 1 in Armour
 24191 | Orc:2    | Reached skill level 10 in Charms
 24670 | Orc:2    | Found a staircase to the Elven Halls.
 24767 | Orc:2    | Found a roughly hewn altar of Beogh.
 26038 | Orc:2    | Reached XP level 14. HP: 55/68 MP: 7/36
 26707 | Orc:2    | Noticed Nessos
 26834 | Orc:2    | Noticed Rupert
 26858 | Orc:2    | Killed Rupert
 27139 | Orc:2    | Killed Nessos
 27139 | Orc:2    | Received a gift from Sif Muna
 27145 | Orc:2    | Identified Sif Muna's Volume of Combat Magic and Sinister Rites (Sif Muna gifted it to you on level 2 of the Orcish Mines)
 27384 | Lair:1   | Learned a level 7 spell: Delayed Fireball
 27390 | Lair:1   | Learned a level 5 spell: Fireball
 28078 | Orc:2    | Found Oblor's Antique Weapon Shoppe.
 28078 | Orc:2    | Found Reilill's Book Boutique.
 28079 | Orc:2    | Found Kiqe Tio's Jewellery Boutique.
 28079 | Orc:2    | Found Gaes's Distillery.
 28110 | Orc:2    | Bought the amulet "Qusack" {Reflect rF+ SH+4 SInv} for 691 gold pieces
 28116 | Orc:2    | Bought a potion of beneficial mutation for 385 gold pieces
 28116 | Orc:2    | Bought a potion of heal wounds for 55 gold pieces
 28116 | Orc:2    | Bought a potion of mutation for 27 gold pieces
 28117 | Orc:2    | Gained mutation: You are robust (+10% HP). [potion of beneficial mutation]
 29152 | Lair:8   | Entered Level 8 of the Lair of Beasts
 29537 | Lair:8   | Reached skill level 1 in Shields
 31992 | Lair:8   | Reached skill level 15 in Conjurations
 32565 | Lair:8   | Reached skill level 5 in Armour
 32733 | Lair:8   | Reached XP level 15. HP: 73/79 MP: 27/37
 34319 | D:10     | Entered Level 10 of the Dungeon
 34522 | D:10     | Received a gift from Sif Muna
 35028 | D:10     | Reached skill level 17 in Spellcasting
 35514 | D:11     | Got a heavily runed leather armour
 35525 | D:11     | Identified the +1 leather armour "Ugeyph" {rPois rF+ Str-4} (You found it on level 11 of the Dungeon)
 35622 | D:11     | Found a blossoming altar of Fedhas.
 36346 | D:12     | Noticed Josephine
 36383 | D:12     | Killed Josephine
 36446 | D:12     | Found Hyphal's Humungous Hoard.
 36498 | D:12     | Bought a +0 helmet of intelligence for 161 gold pieces
 36498 | D:12     | Bought 2 potions of heal wounds for 140 gold pieces
 36673 | D:12     | Noticed Edmund
 36678 | D:12     | Killed Edmund
 36889 | D:12     | Noticed Erolcha
 36892 | D:12     | Killed Erolcha
 37140 | D:12     | Found Seumoleu's Assorted Antiques.
 37148 | D:12     | Bought an embroidered cloak for 157 gold pieces
 37148 | D:12     | Bought a scroll of identify for 70 gold pieces
 37148 | D:12     | Bought a scroll of identify for 70 gold pieces
 38159 | Elf:1    | Entered Level 1 of the Elven Halls
 38300 | Elf:1    | Noticed Roxanne
 38353 | Elf:1    | Killed Roxanne
 38469 | Elf:1    | Found Quiss's Assorted Antiques.
 38915 | Elf:1    | Noticed Asterion
 39316 | Spider:1 | Entered Level 1 of the Spider Nest
 39321 | Spider:1 | Reached skill level 5 in Stealth
 39808 | Spider:1 | Noticed Nikola
 39853 | Swamp:1  | Entered Level 1 of the Swamp
 40404 | Swamp:1  | Noticed Galewind's ghost (adept DECj)
 40414 | Swamp:1  | Killed Galewind's ghost
 40797 | Lair:6   | Got a coiled sapphire amulet
 40807 | Lair:6   | Hired Vipryek the naga for 187 gold.
 40825 | Lair:6   | Noticed Cytow
 40830 | Lair:6   | Killed Cytow the deep elf blademaster
 41146 | Lair:1   | Identified the amulet "Piby" {Inacc rPois rF+ rC+} (You found it on level 6 of the Lair of Beasts)
 42026 | D:12     | Reached XP level 16. HP: 75/83 MP: 39/39
 42050 | D:12     | Reached skill level 10 in Fire Magic
 42283 | D:13     | Noticed Maud
 42483 | D:13     | Noticed Frances
 42870 | D:13     | Killed Maud
 42978 | D:13     | Found a gate to the Vaults.
 45654 | Swamp:2  | Noticed a thorn hunter
 45657 | Swamp:2  | Killed a thorn hunter
 45749 | Swamp:2  | Reached skill level 18 in Spellcasting
 46807 | Lair:1   | Learned a level 5 spell: Bolt of Magma
 47436 | Swamp:2  | Received a gift from Sif Muna
 47436 | Swamp:2  | Reached skill level 1 in Earth Magic
 47437 | Swamp:2  | Identified Sif Muna's Grimoire of Heat and Darkness (Sif Muna gifted it to you on level 2 of the Swamp)
 47447 | Swamp:2  | Learned a level 6 spell: Bolt of Fire
 47831 | Swamp:3  | Reached skill level 10 in Stealth
 47920 | Swamp:3  | Reached skill level 10 in Air Magic
 48395 | Swamp:3  | Noticed a thorn hunter
 48397 | Swamp:3  | Killed a thorn hunter
 48703 | Swamp:4  | Entered Level 4 of the Swamp
 49750 | Swamp:4  | Reached XP level 17. HP: 88/88 MP: 40/41
 49934 | Swamp:4  | Noticed the 27-headed Lernaean hydra
 50181 | Swamp:4  | Killed the 27-headed Lernaean hydra
 50365 | Swamp:4  | Got a decaying rune of Zot
 52174 | Spider:1 | Killed Nikola
 52185 | Spider:1 | Received a gift from Sif Muna
 52186 | Spider:1 | Identified Sif Muna's Papyrus of the Gliding Oath (Sif Muna gifted it to you on level 1 of the Spider Nest)
 52406 | Spider:1 | Got an ominously black robe
 52426 | Spider:1 | Identified the +1 robe of Midwinter {rC+} (You found it on level 1 of the Spider Nest)
 54237 | Spider:2 | Reached skill level 19 in Spellcasting
 55896 | Spider:3 | Noticed Wiglaf
 55930 | Spider:3 | Noticed Norris
 55935 | Spider:3 | Killed Norris
 56460 | Spider:3 | Killed Wiglaf
 57100 | Spider:3 | Reached XP level 18. HP: 91/93 MP: 43/43
 57225 | Spider:3 | Noticed Jorgrun
 57248 | Spider:3 | Killed Jorgrun
 58195 | Spider:3 | Received a gift from Sif Muna
 58632 | Spider:4 | Entered Level 4 of the Spider Nest
 58713 | Spider:4 | Found a frozen archway.
 58793 | IceCv    | Entered an ice cave
 59556 | IceCv    | Noticed an Ice Fiend
 59669 | IceCv    | Killed an Ice Fiend
 61232 | Spider:4 | Reached skill level 20 in Spellcasting
 61518 | Spider:4 | Received a gift from Sif Muna
 61519 | Spider:4 | Identified Sif Muna's Thorough Guide to Witchery (Sif Muna gifted it to you on level 4 of the Spider Nest)
 61528 | Spider:4 | Learned a level 7 spell: Orb of Destruction
 62250 | Spider:4 | Got a gossamer rune of Zot
 62588 | Lair:1   | Learned a level 6 spell: Bolt of Cold
 62601 | Lair:1   | Reached skill level 5 in Ice Magic
 62601 | Lair:1   | Reached XP level 19. HP: 97/97 MP: 45/45
 62814 | D:13     | Killed Frances
 63872 | D:14     | Reached skill level 15 in Stealth
 65337 | D:14     | Identified a +4 rod of ignition (10/10) (You found it on level 14 of the Dungeon)
 65534 | D:15     | Entered Level 15 of the Dungeon
 65862 | D:15     | Reached XP level 20. HP: 103/103 MP: 31/46
 65866 | D:15     | Received a gift from Sif Muna
 66279 | D:15     | Found a staircase to the Depths.
 66875 | Vaults:1 | Entered Level 1 of the Vaults
 67237 | Vaults:1 | Found a gateway to a bazaar.
 67246 | Bazaar   | Entered a bazaar
 67246 | Bazaar   | Found Hycoijuj's Magic Scroll Shoppe.
 67246 | Bazaar   | Found Pefiybet's Gadget Shoppe.
 67246 | Bazaar   | Found Geres's Antique Armour Boutique.
 67277 | Bazaar   | Found Ubougo's General Store.
 67285 | Bazaar   | Found Vaawiveh's Antique Weapon Emporium.
 67323 | Bazaar   | Bought a scroll of magic mapping for 56 gold pieces
 67323 | Bazaar   | Bought a scroll of blinking for 120 gold pieces
 67346 | Bazaar   | Bought a potion of resistance for 110 gold pieces
 67346 | Bazaar   | Bought a scroll of teleportation for 33 gold pieces
 68533 | Vaults:1 | Reached skill level 21 in Spellcasting
 70356 | Vaults:2 | Found Maakhaqo's General Store.
 71476 | Vaults:2 | Received a gift from Sif Muna
 71477 | Vaults:2 | Identified Sif Muna's Papyrus of Boosting Summoning (Sif Muna gifted it to you on level 2 of the Vaults)
 72447 | Vaults:2 | Reached skill level 15 in Fire Magic
 73403 | Vaults:2 | Reached skill level 10 in Evocations
 73491 | Vaults:2 | Noticed Boris
 73502 | Vaults:2 | Killed Boris
 73849 | Vaults:2 | Noticed Xtahua
 73858 | Vaults:2 | Killed Xtahua
 74506 | Vaults:2 | Reached XP level 21. HP: 107/107 MP: 47/48
 74520 | Vaults:2 | Learned a level 2 spell: Blink
 74522 | Vaults:2 | Learned a level 1 spell: Apportation
 74783 | Vaults:3 | Reached skill level 1 in Translocations
 75071 | Vaults:3 | Found a staircase to the Crypt.
 76040 | Vaults:3 | Reached skill level 22 in Spellcasting
 76654 | Vaults:3 | Found a glowing golden altar of the Shining One.
 76805 | Vaults:3 | Received a gift from Sif Muna
 77746 | Vaults:3 | Identified Sif Muna's Papyrus of Lightness and Arcane Weapons (Sif Muna gifted it to you on level 3 of the Vaults)
 78691 | Vaults:3 | Reached skill level 5 in Translocations
 81147 | Vaults:4 | Got an ichor-stained leather armour
 81160 | Vaults:4 | Identified the +3 leather armour of the Sturgeon {Regen+ Str+4 Dex+4} (You found it on level 4 of the Vaults)
 81536 | Vaults:4 | Received a gift from Sif Muna
 81565 | Vaults:4 | Identified Cab Afiesh's Reference Book on the Excruciating Compass (Sif Muna gifted it to you on level 4 of the Vaults)
 81876 | Vaults:4 | Reached skill level 23 in Spellcasting
 81902 | Vaults:4 | Identified a scroll of acquirement
 82066 | Vaults:4 | Noticed a golden dragon
 82076 | Vaults:4 | Killed a golden dragon
 82376 | Vaults:4 | Reached XP level 22. HP: 113/113 MP: 43/51
 83239 | Vaults:4 | Got a pair of twisted boots
 83250 | Vaults:4 | Identified the -6 pair of boots of Sloth {*Confuse rF+ Int+2} (You acquired it on level 4 of the Vaults)
 84330 | Elf:1    | Noticed Aizul
 84346 | Elf:1    | Killed Aizul
 84868 | Elf:1    | Killed Asterion
 85371 | Lair:1   | Learned a level 6 spell: Dispersal
 85504 | Elf:2    | Noticed Louise
 86018 | Elf:2    | Killed Louise
 86018 | Elf:2    | Received a gift from Sif Muna
 86021 | Elf:2    | Identified Sif Muna's Incunabulum of Battle Magic and Good Luck (Sif Muna gifted it to you on level 2 of the Elven Halls)
 86047 | Elf:2    | Identified Faogucwu's Tome of Helpful Envenoming
 86441 | Elf:2    | Found a runed gate.
 86441 | Elf:2    | Found a runed gate.
 86441 | Elf:2    | Found a runed gate.
 87615 | Elf:2    | Reached skill level 10 in Translocations
 87700 | Elf:2    | Noticed Azrael
 87703 | Elf:2    | Killed Azrael
 87853 | Elf:3    | Entered Level 3 of the Elven Halls
 88026 | Elf:3    | Found Halepeef's Assorted Antiques.
 88030 | Elf:3    | Bought a scroll of teleportation for 117 gold pieces
 88908 | Elf:3    | Reached skill level 24 in Spellcasting
 90271 | Elf:3    | Received a gift from Sif Muna
 91014 | Elf:3    | Got a slimy quarterstaff {flame}
 91135 | Elf:3    | Identified the cursed +1 quarterstaff of Laceration {flame, *Corrode MR+++} (You took it off a deep elf elementalist on level 3 of the Elven Halls)
 91229 | Elf:3    | Reached XP level 23. HP: 117/117 MP: 51/53
 92212 | Elf:3    | Identified the Disquisition on the Venomous Frostbite
 92939 | Depths:1 | Entered Level 1 of the Depths
 93129 | Depths:1 | Found Buor's General Store.
 93292 | Depths:1 | Cast into level 3 of the Abyss (an ogre mage)
 93307 | Abyss:3  | Found a corrupted altar of Lugonu.
 93852 | Abyss:3  | Found a corrupted altar of Lugonu.
 94172 | Depths:1 | Escaped the Abyss
 94539 | Depths:1 | Received a gift from Sif Muna
 94944 | Depths:1 | Found a white marble altar of Elyvilon.
 94944 | Depths:1 | Found a glowing silver altar of Zin.
 94945 | Depths:1 | Found a glowing golden altar of the Shining One.
 95647 | Depths:1 | Identified Sif Muna's Volume of Combat Magic (Sif Muna gifted it to you on level 1 of the Depths)
 95710 | Depths:1 | Found a gateway to Hell.
 95933 | Depths:2 | Found Gail's Distillery.
 95941 | Depths:2 | Bought a potion of resistance for 190 gold pieces
 95941 | Depths:2 | Bought 2 potions of heal wounds for 190 gold pieces
 96005 | Depths:2 | Found a one-way gate to the infinite horrors of the Abyss.
 96288 | Depths:2 | Reached skill level 10 in Dodging
 96604 | Depths:2 | Noticed a caustic shrike
 96605 | Depths:2 | Noticed a caustic shrike
 96607 | Depths:2 | Noticed a caustic shrike
 96609 | Depths:2 | Noticed a caustic shrike
 97418 | Depths:2 | Received a gift from Sif Muna
 97419 | Depths:2 | Identified Sif Muna's Incunabulum of Arcane Weapons and Transformation (Sif Muna gifted it to you on level 2 of the Depths)
 97706 | Depths:2 | Reached skill level 25 in Spellcasting
 97736 | Depths:2 | HP: 2/117 [caustic shrike (7)]
 97736 | Depths:2 | Splashed by a caustic shrike's acid

Skill      XL: |  1  2  3  4  5  6  7  8  9 10 11 12 13 14 15 16 17 18 19 20 21 22 23 |
---------------+----------------------------------------------------------------------+-----
Spellcasting   | 4 5 6 7 9 11 13 14 15 16 17 18 19 20 21 23 24 25 | 25.0
Conjurations   | 5 6 7 8 10 11 13 14 15 16 17 18 19 | 19.4
Charms         | 3 6 8 10 11 | 11.9
Air Magic      | 2 4 5 6 7 9 10 11 | 11.2
Fire Magic     | 2 5 6 7 8 9 11 12 13 15 16 17 | 17.6
Invocations    | 3 5 |  5.1
Evocations     | 3 5 10 | 10.8
Necromancy     | 2 5 6 |  6.0
Dodging        | 5 8 9 10 | 10.3
Armour         | 2 5 6 |  6.2
Shields        | 3 4 |  4.5
Stealth        | 6 11 14 15 16 17 | 17.8
Earth Magic    | 1 |  1.2
Ice Magic      | 5 |  5.0
Translocations | 8 10 12 | 12.1

Action                   |  1- 3 |  4- 6 |  7- 9 | 10-12 | 13-15 | 16-18 | 19-21 | 22-24 || total
-------------------------+-------+-------+-------+-------+-------+-------+-------+-------++-------
Melee: Unarmed           |     2 |       |       |       |       |       |       |       ||     2
       Short sword       |       |     6 |    62 |       |       |       |       |       ||    68
       Staff             |       |       |       |     6 |   157 |     3 |    22 |    43 ||   231
 Cast: Magic Dart        |    52 |   149 |   292 |   395 |   863 |   680 |   544 |   383 ||  3358
       Iskenderun's Myst |       |    11 |    64 |    70 |   240 |   286 |   312 |   151 ||  1134
       Fulminant Prism   |       |     1 |     3 |     4 |    19 |     2 |       |       ||    29
       Iskenderun's Batt |       |       |    14 |    88 |   216 |   182 |   182 |   135 ||   817
       Static Discharge  |       |       |       |    22 |    44 |    36 |     8 |     6 ||   116
       Lightning Bolt    |       |       |       |    16 |    38 |    12 |    28 |     9 ||   103
       Fireball          |       |       |       |    16 |    22 |     6 |     8 |     2 ||    54
       Haste             |       |       |       |       |     7 |    15 |    14 |    18 ||    54
       Deflect Missiles  |       |       |       |       |     2 |     1 |     3 |     3 ||     9
       Delayed Fireball  |       |       |       |       |     1 |     1 |       |       ||     2
       Bolt of Fire      |       |       |       |       |       |   105 |   178 |   155 ||   438
       Orb of Destructio |       |       |       |       |       |     3 |     4 |    44 ||    51
       Bolt of Cold      |       |       |       |       |       |       |    47 |    46 ||    93
       Dispersal         |       |       |       |       |       |       |       |     5 ||     5
Invok: Forget Spell      |       |       |       |       |     1 |     1 |       |       ||     2
       Channel Energy    |       |       |       |       |       |       |       |     6 ||     6
 Abil: Evoke Flight      |       |       |       |       |     1 |     5 |     4 |       ||    10
       Release Delayed F |       |       |       |       |       |     1 |       |       ||     1
Evoke: Wand              |       |       |       |     1 |     2 |     4 |     1 |     6 ||    14
       Deck              |       |       |       |       |     3 |       |       |       ||     3
  Use: Potion            |       |       |     5 |     2 |     3 |     2 |     1 |       ||    13
       Scroll            |       |       |     7 |     4 |    17 |    12 |     3 |    12 ||    55
 Stab: Invisible         |       |       |     4 |       |       |       |       |       ||     4
       Sleeping          |       |       |       |       |     1 |       |       |       ||     1
  Eat: Chunk             |       |     7 |    17 |    22 |    44 |    35 |    46 |    24 ||   195
       Fruit             |       |     3 |       |     6 |    12 |     9 |    10 |     4 ||    44
       Meat ration       |       |       |     1 |     2 |       |     2 |       |     3 ||     8
       Beef jerky        |       |       |     1 |     1 |     5 |    12 |     1 |     1 ||    21
       Royal jelly       |       |       |       |       |     1 |     1 |     1 |       ||     3
       Pizza             |       |       |       |       |       |       |     1 |     2 ||     3
       Bread ration      |       |       |       |       |       |       |       |     1 ||     1
Armor: Robe              |     1 |    13 |    47 |    15 |     3 |       |       |       ||    79
       Skin              |       |       |     8 |       |       |       |       |       ||     8
       Leather armour    |       |       |       |       |    48 |    85 |    59 |    33 ||   225
Dodge: Dodged            |     9 |    44 |    99 |    59 |   160 |   118 |    82 |    69 ||   640
       Deflected         |       |       |       |       |    25 |     4 |    54 |    26 ||   109
Block: Other             |       |       |       |     4 |     8 |       |       |       ||    12
       Reflection        |       |       |       |       |    12 |     1 |    56 |    30 ||    99
       Buckler           |       |       |       |       |    73 |   101 |     5 |       ||   179
       Shield            |       |       |       |       |       |       |   155 |   126 ||   281
